 Dungeon Crawl Stone Soup version 0.17-a0-633-gcf22183 (webtiles) character file.

18294 Magnus the Protected (level 12, -6/99 HPs)
             Began as a Human Fighter on Apr 17, 2015.
             Was a High Priest of the Shining One.
             Engulfed by a cloud of flame (22 damage)
             ... in a volcano.
             The game lasted 01:33:35 (22985 turns).

Magnus the Protected (Human Fighter)               Turns: 22985, Time: 01:33:35

Health: -6/99      AC: 15    Str: 20    XL:     12   Next: 93%
Magic:  12/12      EV:  9    Int:  9    God:    the Shining One [*****.]
Gold:   649        SH: 12    Dex: 14    Spells: 0 memorised, 11 levels left

rFire  . . .     SeeInvis .     a - +0 long sword (freeze) (curse)
rCold  . . .     Clarity  +     b - +0 scale mail
rNeg   + + .     SustAb   .     c - +0 shield
rPois  +         Gourm    .     E - +2 helmet
rElec  .         Spirit   .     n - +2 cloak
rCorr  .         Warding  .     (no gloves)
rMut   .         Stasis   .     (no boots)
MR     .....                    p - amulet of clarity
Stlth  ..........               w - ring of poison resistance
                                h - ring of wizardry

@: glowing, not resistant to hostile enchantments, extremely unstealthy
A: no striking features
a: Divine Shield, Cleansing Flame, Summon Divine Warrior, Renounce Religion


You were in a volcano.
You worshipped the Shining One.
The Shining One was extremely pleased with you.
You were not hungry.

You visited 3 branches of the dungeon, and saw 15 of its levels.
You also visited: Volcano.

You collected 649 gold pieces.

Inventory:

Hand weapons
 a - a cursed +0 long sword of freezing (weapon)
 C - a +2 hand axe of flaming
Armour
 b - a +0 scale mail (worn)
 c - a +0 shield (worn)
 n - a +2 cloak (worn)
 E - a +2 helmet (worn)
Jewellery
 h - a ring of wizardry (left hand)
 k - an uncursed amulet of the gourmand
 m - an uncursed amulet of guardian spirit
 p - an amulet of clarity (around neck)
 w - a ring of poison resistance (right hand)
 H - a cursed ring of loudness {unknown}
 J - an uncursed ring of see invisible {unknown}
 W - an uncursed ring of stealth {unknown}
Magical devices
 e - a wand of confusion (17)
 g - a wand of fireball (7)
 x - a wand of digging (10)
 y - a wand of enslavement (7)
 A - a wand of invisibility (6)
 D - a wand of magic darts (20)
 I - a wand of random effects (29)
Scrolls
 j - 2 scrolls of immolation
 l - 9 scrolls of identify
 q - a scroll of amnesia
 r - 4 scrolls of recharging
 t - 3 scrolls of enchant armour
 u - a scroll of teleportation
 G - 2 scrolls of fog
 S - a scroll of remove curse
 V - a scroll of enchant weapon {unknown}
Potions
 f - 3 potions of mutation
 z - a potion of cure mutation
 B - a potion of haste {unknown}
 M - a potion of magic {unknown}
 P - a potion of brilliance
 T - a potion of heal wounds {unknown}
Books
 v - a book of Envenomations

   Spells                             Type                      Level
   a - Spider Form                    Transmutation/Poison         3
   b - Alistair's Intoxication        Transmutation/Poison         4
   c - Olgreb's Toxic Radiance        Poison                       4
   d - Poisonous Cloud                Conjuration/Poison/Air       6
   The Shining One disapproves of the use of such an item.
 O - a book of Spatial Translocations

   Spells                             Type                      Level
   a - Apportation                    Translocation                1
   b - Blink                          Translocation                2
   c - Shroud of Golubria             Charms/Translocation         2
   d - Portal Projectile              Translocation                3
   e - Teleport Other                 Translocation                3
   f - Passage of Golubria            Translocation                4
 R - a book of the Tempests

   Spells                             Type                      Level
   a - Static Discharge               Conjuration/Air              3
   b - Lightning Bolt                 Conjuration/Air              5
   c - Fireball                       Conjuration/Fire             5
   d - Tornado                        Air                          9
   e - Shatter                        Earth                        9
 U - a Fen Folio

   Spells                             Type                      Level
   a - Corpse Rot                     Necromancy                   2
   b - Stone Arrow                    Conjuration/Earth            3
   c - Leda's Liquefaction            Hexes/Earth                  4
   d - Summon Forest                  Summoning/Translocation      5
   e - Hydra Form                     Transmutation                6
   f - Summon Hydra                   Summoning                    7
Comestibles
 d - 13 bread rations
 o - 15 fruits
 F - 9 royal jellies


   Skills:
 + Level 10.6 Fighting
 + Level 10.3 Long Blades
 + Level 10.8 Armour
 + Level 10.7 Shields


You had 11 spell levels left.
You didn't know any spells.

Dungeon Overview and Level Annotations

Branches:
Dungeon (12/15)            Temple (1/1) D:5            Lair (2/8) D:10
    Orc (0/4) D:12

Altars:
Ashenzari
Cheibriados
Dithmenos
Elyvilon
Fedhas
Gozag
Kikubaaqudgha
Makhleb
Nemelex Xobeh
Okawaru
Qazlal
Ru
Sif Muna
Trog
Vehumet
Xom
Yredelemnul
Zin
The Shining One
Lugonu

Shops:
D:4 :**=%

Annotations:
D:9 namelastname112's ghost, experienced DrSu


Message History

The lava snake is heavily wounded.
The volcano roars to life, belching forth lava!
You are engulfed in roaring flames.
The lava snake bites you but does no damage.
You hit the lava snake. You freeze the lava snake.
The lava snake is heavily wounded.
You are engulfed in roaring flames.
* * * LOW HITPOINT WARNING * * *
The lava snake barely misses you.
Unknown command.
You hit the lava snake. You freeze the lava snake.
The lava snake is severely wounded.
You are engulfed in roaring flames.
* * * LOW HITPOINT WARNING * * *
You block the lava snake's attack.
Read which item? (? for menu, Esc to quit)
Okay, then.
Drink which item? (? for menu, Esc to quit)
You feel better.
You are engulfed in roaring flames.
You die...

≈≈≈≈≈§≈≈§§§..≈≈≈≈≈§≈≈≈§§≈
§§≈≈≈§§§§.§≈≈≈≈§≈≈≈≈≈§≈≈.
≈§§§≈§≈§§§≈≈§§≈§§≈≈≈≈≈§≈..
.§§......≈≈§≈≈≈≈≈≈§≈≈§≈§..
+########§§§§≈≈§§≈§≈≈≈≈§§.
#§≈§§≈§§≈≈≈≈≈≈§§§.
#.§≈§§§§§§§ §§≈≈≈.
#§§≈§§§§§§ §§§≈§≈
#@§§§≈≈≈≈≈ §≈≈§≈
#§S§§§§§≈≈ ≈§§§§≈
#.§§§§§§§ ≈§§≈. ##§≈§§§§≈≈
≈§≈≈. #.≈§≈≈≈≈§ ≈§≈≈.
#.§≈§≈§≈ §≈≈§≈≈ #.≈§≈≈§
§≈§≈≈≈ #.≈≈≈§ ≈≈§§≈≈ ..≈
≈≈§≈≈§≈§


You could see a lava snake.

Vanquished Creatures
  2 ugly things
  Maurice (D:9)
  6 komodo dragons
  A fire drake (Lair:1)
  2 two-headed ogres
  Sigmund (D:6)
  2 trolls
  3 wyverns
  A trapdoor spider (D:12)
  A deep elf mage (D:9)
  5 hippogriffs
  Grum (D:9)
  19 yaks
  4 hungry ghosts
  9 wolves
  5 water moccasins
  A soldier ant (D:8)
  A porcupine (Lair:1)
  Duvessa (D:7)
  5 ogres
  2 phantoms
  2 sky beasts
  3 ice beasts
  2 orc warriors
  5 necrophages (D:12)
  2 wasps
  A black bear (Lair:1)
  3 crocodiles
  8 centaurs
  A brain worm (D:8)
  8 giant frogs
  A water moccasin skeleton (D:7)
  Dowan (D:7)
  2 wyvern skeletons
  6 scorpions
  6 wights
  An electric eel (D:12)
  15 killer bees
  14 crimson imps
  4 hounds
  4 orc priests
  3 giant frog skeletons (D:5)
  3 lava snakes (Volcano)
  5 centaur zombies
  2 jellies
  5 iguanas
  9 orc wizards
  Natasha (D:3)
  9 worker ants
  2 killer bee zombies
  2 hound zombies
  3 hound skeletons
  A mummy (D:12)
  Robin (D:3)
  4 gnolls (D:8)
  A worker ant zombie (D:6)
  20 adders
  4 shadow imps
  11 river rats
  An ooze (D:8)
  An adder zombie (D:6)
  2 adder skeletons
  3 worms
  30 orcs
  4 ball pythons
  16 bats
  2 bat skeletons
  25 goblins
  6 hobgoblins
  4 jackals (D:3)
  3 quokkas
  3 giant cockroaches
  5 giant geckos
  4 giant newts
  22 kobolds
  18 rats
  4 ballistomycetes (D:8)
401 creatures vanquished.

Vanquished Creatures (others)
  A worker ant (D:5)
  2 bats (D:9)
  3 giant spores
  A rat (D:9)
  A fungus (Lair:1)
  A plant (D:10)
9 creatures vanquished.

Grand Total: 410 creatures vanquished

Notes
Turn   | Place    | Note
--------------------------------------------------------------
     0 | D:1      | Magnus, the Human Fighter, began the quest for the Orb.
     0 | D:1      | Reached XP level 1. HP: 18/18 MP: 1/1
   166 | D:1      | Reached XP level 2. HP: 24/24 MP: 2/2
   748 | D:1      | Reached XP level 3. HP: 27/29 MP: 3/3
  1566 | D:2      | Gained mutation: You evolve. [potion of mutation]
  1566 | D:2      | Gained mutation: Your magical capacity is low (-10% MP). [potion of mutation]
  1566 | D:2      | Gained mutation: You are partially covered in slimy green scales (AC +2). [potion of mutation]
  1569 | D:2      | HP: 2/43 [poisoned by an adder]
  1575 | D:2      | HP: 1/43 [poisoned by an adder]
  1900 | D:2      | Reached XP level 4. HP: 35/35 MP: 3/3
  2887 | D:3      | Noticed Robin
  2891 | D:3      | Reached skill level 4 in Armour
  2908 | D:3      | Killed Robin
  2923 | D:3      | Reached XP level 5. HP: 10/41 MP: 4/4
  3655 | D:3      | Noticed Natasha
  3664 | D:3      | Killed Natasha
  3664 | D:3      | Reached XP level 6. HP: 41/48 MP: 5/5
  3862 | D:3      | Lost mutation: Your magical capacity is low (-10% MP). [potion of cure mutation]
  3862 | D:3      | Lost mutation: You evolve. [potion of cure mutation]
  3862 | D:3      | Lost mutation: You are partially covered in slimy green scales (AC +2). [potion of cure mutation]
  3967 | D:4      | Found San Qici's Jewellery Emporium.
  4371 | D:4      | Found Paas's Book Emporium.
  4439 | D:4      | Found Ypolaf's General Store.
  4560 | D:4      | Found Weegoeh's Assorted Antiques.
  4581 | D:4      | Found Veleriq's Food Shoppe.
  4663 | D:5      | Entered Level 5 of the Dungeon
  5024 | D:5      | Reached XP level 7. HP: 16/55 MP: 7/7
  5476 | D:5      | Found a staircase to the Ecumenical Temple.
  5486 | Temple   | Entered the Ecumenical Temple
  5589 | Temple   | Became a worshipper of the Shining One
  6278 | D:6      | Reached skill level 5 in Armour
  6278 | D:6      | Reached skill level 5 in Shields
  6629 | D:6      | Reached XP level 8. HP: 42/61 MP: 8/8
  6637 | D:6      | Reached skill level 5 in Fighting
  7173 | D:6      | Found a blossoming altar of Fedhas.
  7441 | D:6      | Acquired the Shining One's first power
  8038 | D:6      | Reached skill level 5 in Long Blades
  8115 | D:6      | Noticed Sigmund
  8214 | D:6      | Killed Sigmund
  8214 | D:6      | Reached skill level 6 in Armour
  8574 | D:7      | Reached XP level 9. HP: 57/69 MP: 9/9
  8997 | D:7      | Noticed Dowan
  9028 | D:7      | Killed Dowan
  9065 | D:7      | Noticed Duvessa
  9912 | D:7      | Killed Duvessa
 10078 | D:7      | Reached skill level 7 in Armour
 10627 | D:7      | Acquired the Shining One's second power
 11288 | D:8      | Reached XP level 10. HP: 79/79 MP: 10/10
 12259 | D:8      | Reached skill level 8 in Armour
 13215 | D:8      | Found a sparkling altar of Nemelex Xobeh.
 13449 | D:9      | Noticed namelastname112's ghost (experienced DrSu)
 13458 | D:9      | Noticed Maurice
 14338 | D:9      | Reached XP level 11. HP: 81/87 MP: 11/11
 14685 | D:9      | Killed Maurice
 14802 | D:9      | Noticed Grum
 14820 | D:9      | Killed Grum
 14835 | D:9      | Reached skill level 9 in Fighting
 14969 | D:9      | Found a glowing silver altar of Zin.
 16065 | D:8      | Identified a scroll of acquirement
 16599 | D:10     | Entered Level 10 of the Dungeon
 17255 | D:10     | Found a staircase to the Lair.
 18273 | D:11     | Noticed a cyan ugly thing
 18296 | D:11     | Killed a cyan ugly thing
 18615 | D:11     | Reached XP level 12. HP: 97/97 MP: 12/12
 18883 | D:12     | Reached skill level 10 in Armour
 18985 | D:12     | Acquired the Shining One's third power
 19192 | D:12     | Found a staircase to the Orcish Mines.
 19309 | D:12     | Reached skill level 10 in Fighting
 19778 | D:12     | Noticed a four-headed hydra
 19826 | D:12     | Reached skill level 10 in Shields
 19888 | D:12     | Found a corrupted altar of Lugonu.
 20398 | Lair:1   | Entered Level 1 of the Lair of Beasts
 20488 | Lair:1   | Acquired the Shining One's fourth power
 20981 | Lair:1   | Noticed a five-headed hydra
 21316 | Lair:1   | Reached skill level 10 in Long Blades
 22463 | Lair:2   | Found a dark tunnel.
 22468 | Volcano  | Entered a volcano
 22985 | Volcano  | Engulfed by a cloud of flame

Action                   |  1- 3 |  4- 6 |  7- 9 | 10-12 || total
-------------------------+-------+-------+-------+-------++-------
Melee: Long sword        |   143 |   284 |   556 |  1224 ||  2207
Invok: Divine Shield     |       |       |       |     6 ||     6
Evoke: Wand              |       |       |       |     1 ||     1
  Use: Potion            |     3 |     2 |     4 |     1 ||    10
       Scroll            |       |     5 |     3 |    14 ||    22
  Eat: Chunk             |     2 |    11 |     9 |    27 ||    49
       Meat ration       |       |       |     2 |     2 ||     4
       Fruit             |       |       |     3 |       ||     3
       Pizza             |       |       |       |     2 ||     2
       Beef jerky        |       |       |       |     1 ||     1
